Map: Catalyst LE

Players

Marzbar

  • Race: Zerg Zerg
  • League: Diamond
  • Spawn Location: 5:00

Rush - Winner!

  • Race: Zerg Zerg
  • League: Diamond
  • Spawn Location: 11:00

VOD

Have the link to the VOD?

Description

Time

  • Played on: June 16, 2018, 10:35 p.m.
  • Length: 8:24
Show
View Real Time Build Order
Export as new Build Order

Marzbar Zerg 

Build Orders: Hatch First 

Get SALT Encoding   

  12  0:01  Drone  
  13  0:13  Overlord  
  13  0:17  Drone  
  14  0:31  Drone x2  
  14  0:34  Drone  
  17  0:52  Hatchery  
  17  0:56  Drone  
  17  0:59  Drone  
  17  1:01  Extractor  
  17  1:15  Spawning Pool  
  17  1:18  Drone  
  17  1:24  Drone  
  18  1:29  Drone  
  19  1:39  Overlord  
  19  1:49  Drone  
  20  2:05  Queen x2  
  20  2:06  Zergling x4  
  26  2:11  Metabolic Boost  
  26  2:14  Drone  
  27  2:29  Drone  
  28  2:30  Drone x2  
  30  2:47  Drone  
  30  2:48  Drone  
  32  2:54  Baneling Nest  
  32  2:56  Hatchery  
  29  3:15  Overlord  
  29  3:16  Overlord  
  28  3:26  Roach Warren, Overlord  
  28  3:27  Overlord  
  28  3:31  Overlord  
  28  3:35  Zergling x2  
  28  3:36  Zergling x6  
  28  3:38  Drone  
  33  3:43  Drone  
  33  3:44  Extractor, Drone  
  33  3:47  Drone  
  35  3:57  Drone x4  
  39  4:07  Roach  
  39  4:08  Roach x2  
  45  4:10  Roach  
  45  4:14  Roach  
  49  4:23  Roach  
  49  4:24  Roach x2  
  55  4:30  Roach x2  
  59  4:34  Roach  
  59  4:35  Roach  
  63  4:39  Drone x2  
  63  4:57  Roach x6  
  73  5:01  Drone  
  73  5:03  Evolution Chamber  
  73  5:06  Drone  
  74  5:09  Overlord  
  72  5:20  Ravager  
  73  5:26  Drone  
  73  5:27  Drone x3  
  73  5:28  Drone x5  
  82  5:49  Overlord x3  
  82  5:59  Zerg Missile Weapons Level 1  
  82  6:04  Overlord x2  
  82  6:06  Queen x2  
  82  6:07  Hatchery  
  85  6:19  Lair  
  85  6:20  Drone x5  
  85  6:22  Drone  
  85  6:23  Drone  
  85  6:25  Drone  
  93  6:34  Drone x7  
  100  6:42  Queen  
  100  6:45  Evolution Chamber  
  101  6:51  Overlord x2  
  101  6:52  Overlord  
  101  6:53  Drone x5  
  106  6:59  Drone  
  107  7:02  Extractor x2  
  105  7:15  Roach  
  99  7:16  Roach x5  
  84  7:23  Roach x5  
  89  7:34  Roach x2  
  89  7:35  Roach  
  89  7:36  Spine Crawler x3  
  90  7:38  Spine Crawler x2  
  90  7:40  Roach x3  
  90  7:41  Roach  
  85  7:45  Zergling x2  
  85  7:46  Zergling x6  
  83  7:57  Zergling x2  
  83  7:58  Zergling x4  
  61  8:06  Zergling x16  
Show
View Real Time Build Order
Export as new Build Order

Rush Zerg - Winner!

Build Orders: Hatch First 

Get SALT Encoding   

  12  0:02  Drone  
  13  0:08  Drone  
  14  0:16  Overlord  
  14  0:36  Drone x3  
  17  0:53  Hatchery  
  16  0:57  Drone  
  16  1:00  Drone  
  18  1:13  Extractor  
  18  1:15  Spawning Pool  
  18  1:18  Drone  
  17  1:21  Drone  
  18  1:30  Drone  
  19  1:48  Overlord  
  19  2:03  Drone x2  
  19  2:04  Queen  
  19  2:06  Queen  
  25  2:09  Zergling x2  
  26  2:16  Drone x2  
  28  2:27  Drone  
  29  2:35  Drone x2  
  31  2:45  Overlord  
  31  2:47  Zergling x2  
  32  2:52  Extractor  
  32  2:55  Roach Warren  
  29  3:14  Overlord  
  29  3:15  Overlord x2  
  29  3:28  Drone x3  
  32  3:39  Roach  
  32  3:40  Roach x5  
  44  3:49  Roach  
  44  3:54  Roach  
  48  4:05  Drone x3  
  48  4:06  Drone  
  52  4:17  Roach  
  52  4:18  Roach  
  52  4:21  Drone  
  52  4:22  Drone x3  
  60  4:31  Metabolic Boost  
  60  4:34  Hatchery  
  53  5:01  Roach  
  53  5:02  Roach x6  
  53  5:05  Overlord x2  
  67  5:21  Roach  
  67  5:30  Overlord x2  
  67  5:33  Lair  
  67  5:49  Roach x9  
  85  6:02  Roach  
  85  6:03  Roach x2  
  91  6:06  Roach x5  
  101  6:30  Drone x5  
  106  6:37  Overlord  
  106  6:38  Overlord x3  
  106  6:40  Lair  
  106  6:47  Extractor, Evolution Chamber, Drone  
  106  6:52  Ravager  
  106  6:55  Queen  
  106  6:56  Ravager  
  103  7:29  Roach x4  
  125  7:30  Roach x8  
  125  7:31  Zergling x6  
  130  7:46  Roach  
  130  7:47  Roach x2  
  131  8:04  Roach x4  
Tags
 
Add a new tag
Caveats
  • Supply blocks, unpowered buildings, or Contaminate may cause inaccurate times.
  • Supply counts are checked every 10 seconds.